 Dungeon Crawl Stone Soup version 0.26-b1-57-gb162d0664a (webtiles) character file.

Game seed: 11206194422920636652

2132 DocSulfur the Thaumaturge (level 9, -19/45 HPs)
             Began as a Deep Elf Conjurer on Jan 8, 2021.
             Shot with a bolt by an orc knight (23 damage)
             ... in a bailey.
             The game lasted 00:21:45 (7006 turns).

DocSulfur the Thaumaturge (Deep Elf Conjurer)       Turns: 7006, Time: 00:21:46

Health: -19/45     AC:  2    Str:  4    XL:     9   Next: 9%
Magic:  15/25      EV: 13    Int: 27    God:
Gold:   293        SH:  5    Dex: 13    Spells: 21/28 levels left

rFire    . . .     SeeInvis .   (no weapon)
rCold    . . .     Faith    .   f - +0 buckler
rNeg     . . .     Spirit   .   a - +0 robe
rPois    +         Reflect  .   (no helmet)
rElec    +         Harm     .   (no cloak)
rCorr    .         Rampage  .   (no gloves)
Will     .....                  (no boots)
Stlth    ++........             (no amulet)
HPRegen  0.15/turn              g - ring of poison resistance
MPRegen  0.19/turn              w - ring "Xiqoas" {+Fly rElec}

@: no status effects
A: no striking features
a: Evoke Flight


You were in a bailey.
You visited 2 branches of the dungeon, and saw 11 of its levels.
You also visited: Bailey.

You collected 293 gold pieces.

Inventory:

Missiles
 t - 2 throwing nets
Armour
 a - a +0 robe (worn)
 f - a +0 buckler (worn)
Jewellery
 d - an uncursed ring of fire
 g - a ring of poison resistance (left hand)
 n - an uncursed ring of positive energy
 u - a -4 ring of evasion
 w - the ring "Xiqoas" (right hand) {+Fly rElec}
   (You found it on level 4 of the Dungeon)

   [ring of flight]

   It insulates you from electricity.
   It lets you fly.
Wands
 v - a wand of random effects (5)
 A - a wand of flame (25)
Scrolls
 b - 2 scrolls of enchant armour
 j - a scroll of magic mapping
 k - a scroll of immolation
 m - 3 scrolls of amnesia
 q - 2 scrolls of blinking
 x - a scroll of remove curse
 y - 3 scrolls of enchant weapon
 z - 4 scrolls of teleportation
 C - a scroll of acquirement {unknown}
Potions
 c - 2 potions of cancellation
 e - 4 potions of heal wounds {unknown}
 h - 2 potions of magic {unknown}
 i - 2 potions of mutation {unknown}
 l - a potion of degeneration {unknown}
 o - 3 potions of ambrosia
 p - 2 potions of attraction {unknown}
 r - 2 potions of lignification {unknown}
 s - 2 potions of invisibility {unknown}
 B - 5 potions of curing


   Skills:
 - Level 2.4 Dodging
 - Level 2.4 Stealth
 - Level 4.0 Shields
 - Level 10.0 Spellcasting
 + Level 9.7 Conjurations
 + Level 1.7 Hexes


You had 21 spell levels left.
You knew the following spells:

 Your Spells              Type           Power        Failure   Level
a - Magic Dart            Conj           100%         1%          1
b - Searing Ray           Conj           100%         1%          2
c - Fulminant Prism       Conj/Hex       22%          4%          4

Your spell library contained the following spells:

 Spells                   Type           Power        Failure   Level
 Dazzling Flash           Conj/Hex       88%          1%          3
 Iskenderun's Mystic Bla  Conj/Tloc      39%          6%          4


Dungeon Overview and Level Annotations

Branches:
Dungeon (10/15)            Temple (1/1) D:7          Bailey (1/1)
   Lair: D:8-11         Orc: D:9-12

Altars:
Ashenzari
Cheibriados
Dithmenos
Fedhas
Hepliaklqana
Kikubaaqudgha
Nemelex Xobeh
Okawaru
Qazlal
Ru
Sif Muna
Trog
Xom
Yredelemnul
The Shining One

Annotations:
D:3 3 runed translucent doors, kthxbai's ghost, amateur KoHu
D:5 1 runed translucent door


Message History

The orc knight shoots a bolt.
The bolt hits you!!
The searing ray hits the orc knight!
The orc knight is severely wounded.
You finish channeling your searing ray.
The orc knight shoots a bolt.
The bolt barely misses you.
Casting: Searing Ray (safe; 1% risk of failure)
Confirm with . or Enter, or press ? or * to list all spells.
Aiming: Searing Ray (safe; 1% risk of failure)
Press: ? - help, Shift-Dir - straight line, f/p - orc knight
Aim: an orc knight, wielding a +0 arbalest, wearing a +0 plate armour and quivering 24 bolts (severely wounded, 17% to evade)
The searing ray misses the orc knight. (Press . to maintain the ray.)
The orc knight shoots a bolt.
The bolt hits you!!
Ouch! That really hurt!
* * * LOW HITPOINT WARNING * * *
The searing ray hits the orc knight!
The orc knight is almost dead.
The orc knight shoots a bolt.
The bolt hits you!!
Ouch! That really hurt!
You die...

#'##'##'#
#'##'##(##
#.###.# #)#.#
#.###.# ##
### ### ###
#(# #g#.#
#.###.# '#
#'##'##'## K
#..)..## .g
###....(###
..⌠
#.'.(⌠..'.#
.K*
###.@...###
.. ##)....#
#'###)##'##'#
#.o(###.# #.#
##### ### ##


You could see an orc knight.

Vanquished Creatures
  Pikel (D:4)
  Sigmund (D:2)
  Eustachio (D:4)
  Edmund (D:6)
  A black bear (D:9)
  2 ogres
  A big kobold (D:10)
  A water moccasin skeleton (D:6)
  5 howler monkeys
  A bullfrog skeleton (D:6)
  2 orc priests (D:3)
  2 iguanas
  Jessica (D:2)
  2 orc wizards (D:5)
  4 worker ants
  6 adders
  13 gnolls
  A shadow imp (D:5)
  2 oozes
  An adder zombie (D:5)
  An adder skeleton (D:4)
  4 dart slugs
  5 leopard geckos
  16 orcs
  4 giant cockroaches (D:3)
  10 goblins
  17 hobgoblins
  2 quokkas
  8 bats
  10 frilled lizards
  24 kobolds
  A rat (D:2)
151 creatures vanquished.

Vanquished Creatures (others)
  A fulminant prism (Bailey)
  4 plants (D:4)
5 creatures vanquished.

Grand Total: 156 creatures vanquished

Notes
Turn   | Place    | Note
-------+----------+-------------------------------------------
     0 | D:1      | DocSulfur the Deep Elf Conjurer began the quest for the
                  | Orb.
     0 | D:1      | Reached XP level 1. HP: 10/10 MP: 6/6
   159 | D:1      | Reached XP level 2. HP: 15/15 MP: 1/8
   162 | D:1      | Learned a level 2 spell: Searing Ray
   556 | D:1      | Reached skill level 4 in Spellcasting
   559 | D:1      | Reached XP level 3. HP: 19/19 MP: 2/10
   873 | D:1      | Reached skill level 5 in Conjurations
  1280 | D:2      | Reached skill level 1 in Shields
  1408 | D:2      | Reached XP level 4. HP: 24/24 MP: 10/12
  1423 | D:2      | Noticed Sigmund
  1432 | D:2      | Killed Sigmund
  1433 | D:2      | Reached skill level 5 in Spellcasting
  1433 | D:2      | Reached XP level 5. HP: 4/28 MP: 2/14
  1802 | D:2      | Noticed Jessica
  1813 | D:2      | Killed Jessica
  2390 | D:3      | Reached XP level 6. HP: 32/32 MP: 13/16
  2478 | D:3      | Found a runed translucent gate.
  2478 | D:3      | Found a runed translucent gate.
  2482 | D:3      | Found a runed translucent gate.
  2482 | D:3      | Noticed kthxbai's ghost (amateur KoHu)
  3240 | D:3      | Reached skill level 6 in Spellcasting
  3332 | D:4      | Noticed Pikel
  3338 | D:4      | Killed Pikel
  3339 | D:4      | Reached skill level 7 in Spellcasting
  3339 | D:4      | Reached XP level 7. HP: 24/36 MP: 6/19
  3605 | D:4      | Noticed Eustachio
  3616 | D:4      | Killed Eustachio
  3617 | D:4      | Reached XP level 8. HP: 14/41 MP: 8/21
  3878 | D:4      | Got a wavering iron ring
  4192 | D:4      | Identified the ring "Xiqoas" {+Fly rElec} (You found it on
                  | level 4 of the Dungeon)
  4319 | D:4      | Reached skill level 8 in Spellcasting
  4378 | D:5      | Entered Level 5 of the Dungeon
  4616 | D:5      | Found a broken altar of Ashenzari.
  4693 | D:5      | Found a runed translucent door.
  5141 | D:5      | Reached skill level 9 in Spellcasting
  5749 | D:6      | Found a snail-covered altar of Cheibriados.
  5952 | D:6      | Noticed Edmund
  5959 | D:6      | Killed Edmund
  5960 | D:6      | You fall into a shaft and drop 3 floors!
  6025 | D:10     | Entered Level 10 of the Dungeon
  6039 | D:10     | Reached skill level 10 in Spellcasting
  6258 | D:7      | Found a staircase to the Ecumenical Temple.
  6267 | Temple   | Entered the Ecumenical Temple
  6497 | D:6      | Found a shimmering blue altar of Sif Muna.
  6529 | D:7      | Reached XP level 9. HP: 45/45 MP: 21/25
  6563 | D:7      | Found a flagged portal.
  6620 | D:7      | Learned a level 4 spell: Fulminant Prism
  6625 | Bailey   | Entered a bailey
  6715 | Bailey   | Reached skill level 1 in Hexes
  6993 | Bailey   | Noticed an orc knight
  7006 | Bailey   | Shot with a bolt by an orc knight

Illustrated notes

Levels and vault maps discovered:
D:1:      dpeg_arrival_pond, layout_loops_ring, dk_noncrumbling_4
D:2:      layout_basic, uniq_jessica, uniq_sigmund
D:3:      layout_basic, gammafunk_ghost_split
D:4:      layout_loops_ring, minmay_lizard_king, uniq_pikel, uniq_eustachio
D:5:      layout_loops_ring, cheibrodos_ashenzari_chains,
          lightli_church_of_beogh
D:6:      layout_loops_cross, lemuel_round_altar, elyvilon_altar_3,
          nicolae_overflow_hidden_temple, nemelex_diamond_rough_becter,
          uniq_edmund
D:7:      layout_loops_corners, pdpol_temple_overflow_zin_treasury_gozag_greed,
          minmay_temple_entry_glassed_door, enter_bailey_5, grunt_potential
D:8:      layout_loops_ring, lemuel_crystal_altar, erik_lair_island,
          special_room [special_room_orc]
D:9:      layout_loops_ring, grunt_temple_overflow_lords_of_destruction,
          pdpol_wu_jian_five_deadly_venoms, david_orc_2
D:10:     layout_loops_ring
Temple:   minmay_temple_bridge_abc
Bailey:   bailey_axe_2, bailey

Skill      XL: |  1  2  3  4  5  6  7  8  9 |
---------------+----------------------------+-----
Spellcasting   | 4 5 7 10 | 10.0
Conjurations   | 5 6 7 9 |  9.7
Shields        | 1 2 3 4 |  4.0
Hexes          | 1 |  1.7
Dodging        | |  2.4
Stealth        | |  2.4

Action                   |  1- 3 |  4- 6 |  7- 9 || total
-------------------------+-------+-------+-------++-------
 Cast: Magic Dart        |    48 |    30 |    24 ||   102
       Searing Ray       |     6 |    16 |    55 ||    77
       Fulminant Prism   |       |       |     1 ||     1
  Use: Scroll            |       |     8 |     7 ||    15
Armor: Robe              |     4 |     2 |    12 ||    18
Dodge: Dodged            |     8 |     5 |    43 ||    56
Block: Buckler           |       |       |    22 ||    22
